cohdb
Replays
Latest Replays
All Replays
Popular Replays
Top Player Replays
Match Explorer
How It Works
Community
CoH3 Stats
Reddit
Sign in to upload your games and track your stats! →
Sign in with Steam
Match 47089897
Unlisted
Match 47089897
Overview
Messages
Build Orders
End
Panzergrenadier Squad
Selects Panzerjäger Kommand Battlegroup
Selects Blockade Equipment
250 Light Carrier
Panzergrenadier Squad
Panzergrenadier Squad
Construct Light Support Kompanie
2.5-tonne Medical Truck
Fire Support Elements
Selects GrB 39 Grenade Launcher Requisition
Flakvierling Half-track
Panzerjäger Mechanized Group
Vehicle Survival Package
Selects Defensive Positions
Forward Retreat Point
Selects Butterfly Bomb Drop
Butterfly Bomb Drop
Panzerjäger Squad
Butterfly Bomb Drop
Construct Panzerarmee Kommand
Butterfly Bomb Drop
Selects Crew Shock Tactics
Walking Stuka Rocket Launcher
Butterfly Bomb Drop
Walking Stuka Rocket Launcher
Butterfly Bomb Drop
Walking Stuka Rocket Launcher
Panzergrenadier Squad
Selects Elefant Tank Destroyer
Panzergrenadier Squad
AI Takeover
Speedbird
모화
今晚来扎针
Mike
油菜花
314800301
Meéě
秋刀鱼不会过期
0
0
Comments
sign in to comment!
No comments posted yet!